cohdb
Replays
Latest Replays
All Replays
Popular Replays
Top Player Replays
Match Explorer
How It Works
Community
CoH3 Stats
Reddit
Sign in to upload your games and track your stats! →
Sign in with Steam
Match 43528974
Unlisted
Match 43528974
Overview
Messages
Build Orders
End
Selects Canadian Shock Battlegroup
Construct Section Command Post
Royal Engineer Section
Infantry Section
Infantry Section
Infantry Section
Selects Attacking Spirit
Selects Canadian Shock Section
Construct Field Infirmary
Canadian Shock Section
Construct Platoon Command Post
Selects Incendiary Munitions
6-pounder Anti-tank Gun Team
Selects Pyrotechnics
Construct Company Command Post
Crusader II Medium Tank
Selects Smoke Operation
Infantry Training
Crusader II Medium Tank
Armored Vehicle Training
Selects Churchill Crocodile Heavy Tank
Canadian Shock Section
Crusader II Medium Tank
DibbeTC
Mad Mac
☣Renu☣
Zurich
0
0
Comments
sign in to comment!
No comments posted yet!